 Dungeon Crawl Stone Soup version 0.29.0-4-gdea44cf6ec (webtiles) character file.

Game seed: 11337365898742125497

43 qw the Ruffian (level 3, -4/36 HPs)
             Began as a Troll Cinder Acolyte on Sept 2, 2022.
             Was a High Priest of Ignis.
             Slain by Sigmund
             ... wielding a +0 scythe
              (9 damage)
             ... on level 2 of the Dungeon.
             The game lasted 00:00:35 (895 turns).

qw the Ruffian (Troll Cinder Acolyte)                Turns: 895, Time: 00:00:36

Health: -4/36      AC:  4    Str: 24    XL:     3   Next: 37%
Magic:  3/3        EV:  9    Int: 10    God:    Ignis [*****.]
Gold:   45         SH:  0    Dex:  5    Spells: 4/4 levels left

rFire   + . .      SeeInvis .     - Unarmed
rCold   . . .      Faith    .   (no shield)
rNeg    . . .      Spirit   .   a - +0 robe
rPois   .          Reflect  .   (helmet restricted)
rElec   .          Harm     .   (no cloak)
rCorr   .          Rampage  .   (gloves unavailable)
Will    .....                   (boots unavailable)
Stlth   +.........              (no amulet)
HPRegen 0.92/turn               (no ring)
MPRegen 0.08/turn               (no ring)

@: no status effects
A: large, unfitting armour, claws 3, regeneration 1, shaggy fur 1, tough skin 1
a: Renounce Religion, Fiery Armour, Foxfire Swarm, Rising Flame


You were on level 2 of the Dungeon.
You worshipped Ignis.
Ignis was extremely pleased with you.
You visited 1 branch of the dungeon, and saw 2 of its levels.

You collected 45 gold pieces.


Innate Abilities, Weirdness & Mutations

You are too large for most types of armour.
You have claws for hands.
Your natural rate of healing is unusually fast.
You are covered in fur. (AC +1)
You have tough skin. (AC +1)


   Skills:
 - Level 2.4 Fighting
 + Level 4.5 Unarmed Combat
 - Level 1.0 Spellcasting
 - Level 2.1 Fire Magic


You had 4 spell levels left.
You didn't know any spells.
Your spell library contained the following spells:

 Spells                   Type           Power      Damage    Failure   Level
 Scorch                   Fire           8%         2d5       22%         2

Inventory:

Armour
 a - a +0 robe (worn)
Scrolls
 b - a scroll of enchant weapon {unknown}
 c - a scroll of magic mapping {unknown}
Potions
 d - a potion of lignification {unknown}
 e - a potion of haste {unknown}
 f - a potion of curing {unknown}
 g - a potion of heal wounds {unknown}
 i - a potion of might {unknown}

Dungeon Overview and Level Annotations

Branches:
Dungeon (2/15)

Altars:

Annotations:
D:2 Sigmund


Message History

You now have 38 gold pieces (gained 8).
d - a viscous inky potion You now have 45 gold pieces (gained 7).
As you open the door, it creaks loudly!
You hear a shout!
There is an open door here.
Sigmund the Dreaded comes into view.
He is wielding a +0 scythe.
Sigmund shouts!
You hear an angry hiss.
Sigmund gestures at you while chanting. You resist with significant effort.
Sigmund casts a spell.
Sigmund flickers and vanishes!
Deactivating autopickup; reactivate with Ctrl-A.
Something hits you.
You claw something! Something hits you!
You barely miss something. You closely miss something.
You hear some strange, mumbled words.
You are confused.
A frilled lizard comes into view.
The frilled lizard hisses angrily.
You hear some strange, mumbled words.
A puff of flame appears from out of thin air!
The puff of flame hits you. You resist.
You barely miss the frilled lizard. Your claw misses the frilled lizard.
Something hits you. The frilled lizard barely misses you.
You claw the frilled lizard!
You kill the frilled lizard!
You're too confused to attack without stumbling around!
There is a strange disturbance nearby!
Something hits you!
You're too confused to attack without stumbling around!
There is a strange disturbance nearby!
You hear some strange, mumbled words.
A puff of flame appears from out of thin air!
The puff of flame hits you. You resist.
You're too confused to attack without stumbling around!
There is a strange disturbance nearby!
You feel less confused. Something hits you!
You die...

#.#......#
#.###....#
#...'....+
#..##....#
#..##....#
#..##....#
#..##....#
#..##....#
#..##{@..#
........###
.........
#####.####
#. #. #.


There were no monsters in sight!

Vanquished Creatures
  An adder (D:2)
  2 worms (D:2)
  A dart slug (D:1)
  6 bats (D:1)
  An endoplasm (D:1)
  A giant cockroach (D:1)
  2 hobgoblins (D:1)
  3 jackals (D:1)
  4 ball pythons (D:1)
  2 frilled lizards
  2 kobolds (D:1)
  2 rats
27 creatures vanquished.

Notes
Turn   | Place    | Note
-------+----------+-------------------------------------------
     0 | D:1      | qw the Troll Cinder Acolyte began the quest for the Orb.
     0 | D:1      | Reached XP level 1. HP: 22/22 MP: 1/1
     0 | D:1      | 0 ||| qw: Version: 0.1-a-97-g2dd2ca4
     0 | D:1      | 0 ||| qw: Game counter: 4942
     0 | D:1      | 0 ||| qw: Always use a shield: true
     0 | D:1      | 0 ||| qw: God list: Okawaru
     0 | D:1      | 0 ||| qw: Allow faded altars: false
     0 | D:1      | 0 ||| qw: Do Orc after D:15 true
     0 | D:1      | 0 ||| qw: Do second Lair branch before Depths: true
     0 | D:1      | 0 ||| qw: Lair rune preference: random
     0 | D:1      | 0 ||| qw: Plans: Normal
     0 | D:1      | 0 ||| PLANNING D:1-11
    62 | D:1      | 62 ||| Stepping ~*~*~tactically~*~*~ (stealth).
    68 | D:1      | Reached XP level 2. HP: 24/29 MP: 2/2
   100 | D:1      | 100 ||| Stepping ~*~*~tactically~*~*~ (stealth).
   330 | D:1      | 330 ||| Stepping ~*~*~tactically~*~*~ (hiding).
   338 | D:1      | Reached skill level 4 in Unarmed Combat
   641 | D:1      | 641 ||| READING scroll labelled ICETUG MYRHOG.
   646 | D:1      | 646 ||| READING scroll labelled SISCHOI UTAEM.
   647 | D:1      | 647 ||| READING scroll labelled KEETEMMOSO.
   648 | D:1      | 648 ||| READING scroll labelled RURRISI NONK.
   784 | D:2      | Reached XP level 3. HP: 36/36 MP: 3/3
   796 | D:2      | 796 ||| Stepping ~*~*~tactically~*~*~ (stealth).
   798 | D:2      | 798 ||| Stepping ~*~*~tactically~*~*~ (stealth).
   836 | D:2      | Found a faded altar of an unknown god.
   882 | D:2      | Noticed Sigmund
   893 | D:2      | HP: 9/36 [something (10)]
   895 | D:2      | Slain by Sigmund

Levels and vault maps discovered:
D:1:      amcnicky_arrival_single_pillar, layout_loops_ring,
          minmay_shallow_snake_nest
D:2:      layout_basic, ebering_ecumenical_altar_webs, uniq_sigmund

Skill      XL: |  1  2 |
---------------+-------+-----
Unarmed Combat | 4 |  4.5
Fighting       | |  2.4
Spellcasting   | |  1.0
Fire Magic     | |  2.1

Action                   || total
-------------------------++-------
Melee: Unarmed           ||    84
  Use: Scroll            ||     4
Armor: Robe              ||    30
Dodge: Dodged            ||    22

Table legend:
 A = Non-vault XP
 B = Vault XP
 C = Vault XP percentage of total XP
 D = Non-vault monster count
 E = Vault monster count
 F = Vault count percentage of total count
                 A         B        C        D         E       F
            +---------+---------+-------+---------+---------+-------
      Total |      59 |       3 |   4.8 |      25 |       2 |   7.4
            +---------+---------+-------+---------+---------+-------
        D:1 |      34 |       3 |   8.1 |      20 |       2 |   9.1
        D:2 |      25 |       0 |   0.0 |       5 |       0 |   0.0
            +---------+---------+-------+---------+---------+-------
